Workbook

Sheet Summary
A1: ESTIMATED CASH FLOW, SELECT PROGRAMS, FISCAL YEAR 2026-27
A2: Dollar amounts in monthly columns are in millions.
A3: Contact the Categorical Allocations and Audit Resolutions Office for additional information or questions at:
A4: CAAR@cde.ca.gov
A5: TBD: To be determined.
A6: Sheet | B6: Apportionment Type | C6: July 2026 | D6: Aug 2026 | E6: Sept 2026 | F6: Oct 2026 | G6: Nov 2026 | H6: Dec 2026 | I6: Jan 2027 | J6: Feb 2027 | K6: Mar 2027 | L6: April 2027 | M6: May 2027 | N6: June 2027 | O6: Total
A7: 1 | B7: Principal Apportionment | C7: ='1. PA and EPA'!I6 -> 3178 | D7: ='1. PA and EPA'!J6 -> 3180.5 | E7: ='1. PA and EPA'!K6 -> 5454.7 | F7: ='1. PA and EPA'!L6 -> 5452.2 | G7: ='1. PA and EPA'!M6 -> 5117 | H7: ='1. PA and EPA'!N6 -> 5117 | I7: ='1. PA and EPA'!O6 -> 5251.1 | J7: ='1. PA and EPA'!P6 -> TBD | ... N7: ='1. PA and EPA'!T6 -> TBD | O7: =SUM(C7:N7) -> 32750.5
A8: 1 | B8: Education Protection Account | C8: =Table2[[#This Row],[July 2026]] -> 0 | D8: =Table2[[#This Row],[Aug 2026]] -> 0 | E8: =Table2[[#This Row],[Sept 2026]] -> 3125.5 | F8: =Table2[[#This Row],[Oct 2026]] -> 0 | G8: =Table2[[#This Row],[Nov 2026]] -> 0 | H8: =Table2[[#This Row],[Dec 2026]] -> TBD | I8: =Table2[[#This Row],[Jan 2027]] -> 0 | J8: =Table2[[#This Row],[Feb 2027]] -> 0 | K8: =Table2[[#This Row],[Mar 2027]] -> TBD | L8: =Table2[[#This Row],[April 2027]] -> 0 | M8: =Table2[[#This Row],[May 2027]] -> 0 | N8: =Table2[[#This Row],[June 2027]] -> TBD | O8: =SUM(C8:N8) -> 3125.5
A9: 1 | B9: Charter School Special Advance | C9: ='1. PA and EPA'!I11 -> 0 | D9: ='1. PA and EPA'!J11 -> 0 | E9: ='1. PA and EPA'!K11 -> 15.96 | F9: ='1. PA and EPA'!L11 -> 0 | G9: ='1. PA and EPA'!M11 -> 0 | H9: ='1. PA and EPA'!N11 -> TBD | I9: ='1. PA and EPA'!O11 -> 0 | J9: ='1. PA and EPA'!P11 -> 0 | ... N9: ='1. PA and EPA'!T11 -> 0 | O9: =SUM(C9:N9) -> 15.96
A10: 2 | B10: State Categorical Apportionments (Non-Principal Apportionment) | C10: =Table1[[#Totals],[July 2026]] -> 0 | D10: =Table1[[#Totals],[Aug 2026]] -> 21.2 | E10: =Table1[[#Totals],[Sept 2026]] -> 290 | F10: =Table1[[#Totals],[Oct 2026]] -> 61.3 | G10: =Table1[[#Totals],[Nov 2026]] -> 4812.6 | H10: =Table1[[#Totals],[Dec 2026]] -> 431.5 | I10: =Table1[[#Totals],[Jan 2027]] -> 1040.1 | J10: =Table1[[#Totals],[Feb 2027]] -> 1258 | K10: =Table1[[#Totals],[Mar 2027]] -> 9.9 | L10: =Table1[[#Totals],[April 2027]] -> 0 | M10: =Table1[[#Totals],[May 2027]] -> 3.5 | N10: =Table1[[#Totals],[June 2027]] -> 0 | O10: =SUM(C10:N10) -> 7928.1
A11: 3 | B11: Lottery Apportionments | C11: =Table4[[#Totals],[July 2026]] -> 0 | D11: =Table4[[#Totals],[Aug 2026]] -> 0 | E11: =Table4[[#Totals],[Sept 2026]] -> 364.3 | F11: =Table4[[#Totals],[Oct 2026]] -> 0 | G11: =Table4[[#Totals],[Nov 2026]] -> 0 | H11: =Table4[[#Totals],[Dec 2026]] -> 0 | I11: =Table4[[#Totals],[Jan 2027]] -> 0 | J11: =Table4[[#Totals],[Feb 2027]] -> 0 | K11: =Table4[[#Totals],[Mar 2027]] -> 0 | L11: =Table4[[#Totals],[April 2027]] -> 0 | M11: =Table4[[#Totals],[May 2027]] -> 0 | N11: =Table4[[#Totals],[June 2027]] -> 0 | O11: =SUM(C11:N11) -> 364.3
A12: 4 | B12: Federal Categorical Apportionments | C12: =Table5[[#Totals],[July 2026]] -> 0 | D12: =Table5[[#Totals],[Aug 2026]] -> 0 | E12: =Table5[[#Totals],[Sept 2026]] -> 690.1 | F12: =Table5[[#Totals],[Oct 2026]] -> 1.9 | G12: =Table5[[#Totals],[Nov 2026]] -> 0 | H12: =Table5[[#Totals],[Dec 2026]] -> 0 | I12: =Table5[[#Totals],[Jan 2027]] -> 0 | J12: =Table5[[#Totals],[Feb 2027]] -> 0 | K12: =Table5[[#Totals],[Mar 2027]] -> 0 | L12: =Table5[[#Totals],[April 2027]] -> 0 | M12: =Table5[[#Totals],[May 2027]] -> 0 | N12: =Table5[[#Totals],[June 2027]] -> 0 | O12: =SUM(C12:N12) -> 692
A13: Total | C13: =SUBTOTAL(109,Table3[July 2026]) -> 3178 | D13: =SUBTOTAL(109,Table3[Aug 2026]) -> 3201.7 | E13: =SUBTOTAL(109,Table3[Sept 2026]) -> 9940.56 | F13: =SUBTOTAL(109,Table3[Oct 2026]) -> 5515.4 | G13: =SUBTOTAL(109,Table3[Nov 2026]) -> 9929.6 | H13: =SUBTOTAL(109,Table3[Dec 2026]) -> 5548.5 | I13: =SUBTOTAL(109,Table3[Jan 2027]) -> 6291.2 | J13: =SUBTOTAL(109,Table3[Feb 2027]) -> 1258 | K13: =SUBTOTAL(109,Table3[Mar 2027]) -> 9.9 | L13: =SUBTOTAL(109,Table3[April 2027]) -> 0 | M13: =SUBTOTAL(109,Table3[May 2027]) -> 3.5 | N13: =SUBTOTAL(109,Table3[June 2027]) -> 0 | O13: =SUBTOTAL(109,Table3[Total]) -> 44876.36
A14: Prepared by: Taylor Uda
A15: California Department of Education
A16: School Fiscal Services Division
A17: October 2026

Sheet 1. PA and EPA
A1: Estimated Cash Flow, Principal Apportionment and Education Protection Account, Fiscal Year 2026-27
A2: Dollar amounts in monthly columns are in millions.
A3: 1Funding for these programs is included in the Principal Apportionment.
A4: EC: Education Code; PCA: Program Cost Account; SACS: Standardized Account Code Structure; TBD: To be determined.
A5: PCA | B5: Budget Item Number or Authority | C5: State Budget Authority | D5: Fiscal Year | E5: Apportionment Title | F5: SACS Res. Codes | G5: Fiscal Contact Email | H5: Payment Schedule (percent) | I5: July 2026 | J5: Aug 2026 | K5: Sept 2026 | L5: Oct 2026 | M5: Nov 2026 | N5: Dec 2026 | O5: Jan 2027 | P5: Feb 2027 | Q5: Mar 2027 | R5: April 2027 | S5: May 2027 | T5: June 2027 | U5: Total
A6: Various | B6: Continuous | C6: Continuous | D6: 26-27 | E6: Principal Apportionment | F6: 0000 | G6: PASE@cde.ca.gov | H6: EC 14041 | I6: 3178 | J6: 3180.5 | K6: 5454.7 | L6: 5452.2 | M6: 5117 | N6: 5117 | O6: 5251.1 | P6: TBD | Q6: TBD | R6: TBD | S6: TBD | T6: TBD | U6: =SUM(I6:T6) -> 32750.5
A7: Various | B7: Continuous | C7: Continuous | D7: 25-26 | E7: Principal Apportionment 2025-26 Deferred Payment | F7: 0000 | G7: PASE@cde.ca.gov | H7: EC 14041 and 14041.6 | I7: 267.2 | J7: 0 | K7: 0 | L7: 0 | M7: 0 | N7: 0 | O7: 0 | P7: 0 | Q7: 0 | R7: 0 | S7: 0 | T7: 0 | U7: =SUM(I7:T7) -> 267.2
A8: 25226 | B8: Continuous | C8: Continuous | D8: 26-27 | E8: Education Protection Account | F8: 1400 | G8: PASE@cde.ca.gov | H8: Quarterly | I8: 0 | J8: 0 | K8: 3125.5 | L8: 0 | M8: 0 | N8: TBD | O8: 0 | P8: 0 | Q8: TBD | R8: 0 | S8: 0 | T8: TBD | U8: =SUM(I8:T8) -> 3125.5
A9: 23100 & 23833 & 24536 & 25455 | B9: 6100-161-0001 | C9: 7819256000 | D9: 26-27 | E9: Special Education (AB 602, Infant, Mental Health, & Early Ed Intervention Preschool Grant)1 | F9: 6500/6510/ 6546/6547 | G9: PASE@cde.ca.gov | H9: EC 14041 | I9: 0 | J9: 0 | K9: 0 | L9: 0 | M9: 0 | N9: 0 | O9: 0 | P9: 0 | Q9: 0 | R9: 0 | S9: 0 | T9: 0 | U9: =SUM(I9:T9) -> 0
A10: 23766 | B10: 6100-158-0001 | C10: 9701000 | D10: 26-27 | E10: Adults in Correctional Facilities1 | F10: 6015 | G10: PASE@cde.ca.gov | H10: EC 14041 | I10: 0 | J10: 0 | K10: 0 | L10: 0 | M10: 0 | N10: 0 | O10: 0 | P10: 0 | Q10: 0 | R10: 0 | S10: 0 | T10: 0 | U10: =SUM(I10:T10) -> 0
A11: 23751 | B11: Continuous | C11: Continuous | D11: 26-27 | E11: Charter School Special Advance | F11: 0000 | G11: PASE@cde.ca.gov | H11: EC 47652 | I11: 0 | J11: 0 | K11: 15.96 | L11: 0 | M11: 0 | N11: TBD | O11: 0 | P11: 0 | Q11: 0 | R11: 0 | S11: 0 | T11: 0 | U11: =SUM(I11:T11) -> 15.96
A12: 25709 | B12: Continuous | C12: Continuous | D12: 26-27 | E12: Home-to-School Transportation Reimbursement1 | F12: 0000 | G12: PASE@cde.ca.gov | H12: EC 14041 | I12: 0 | J12: 0 | K12: 0 | L12: 0 | M12: 0 | N12: 0 | O12: 0 | P12: 0 | Q12: 0 | R12: 0 | S12: 0 | T12: 0 | U12: =SUM(I12:T12) -> 0
A13: 25631 | B13: 6100-110-0001 | C13: 4672910000 | D13: 26-27 | E13: Expanded Learning Opportunities Program1 | F13: 2600 | G13: PASE@cde.ca.gov | H13: EC 14041 | I13: 0 | J13: 0 | K13: 0 | L13: 0 | M13: 0 | N13: 0 | O13: 0 | P13: 0 | Q13: 0 | R13: 0 | S13: 0 | T13: 0 | U13: =SUM(I13:T13) -> 0
A14: 25739 | B14: EC 8820 | C14: 1061907357 | D14: 26-27 | E14: Arts and Music in Schools (Proposition 28)1 | F14: 6770 | G14: PASE@cde.ca.gov | H14: EC 14041 | I14: 0 | J14: 0 | K14: 0 | L14: 0 | M14: 0 | N14: 0 | O14: 0 | P14: 0 | Q14: 0 | R14: 0 | S14: 0 | T14: 0 | U14: =SUM(I14:T14) -> 0
A15: 25717 | B15: EC 42238.024 | C15: 319086106 | D15: 26-27 | E15: Local Control Funding Formula Equity Multiplier1 | F15: 7399 | G15: PASE@cde.ca.gov | H15: EC 14041 | I15: 0 | J15: 0 | K15: 0 | L15: 0 | M15: 0 | N15: 0 | O15: 0 | P15: 0 | Q15: 0 | R15: 0 | S15: 0 | T15: 0 | U15: =SUM(I15:T15) -> 0
A16: 25751 | B16: EC 2575.5 | C16: Continuous | D16: 26-27 | E16: County Office of Education Student Support and Enrichment Block Grant1 | F16: 6018 | G16: PASE@cde.ca.gov | H16: EC 14041 | I16: 0 | J16: 0 | K16: 0 | L16: 0 | M16: 0 | N16: 0 | O16: 0 | P16: 0 | Q16: 0 | R16: 0 | S16: 0 | T16: 0 | U16: =SUM(I16:T16) -> 0
A17: Total Principal Apportionment Payments | I17: =SUBTOTAL(109,Table2[July 2026]) -> 3445.2 | J17: =SUBTOTAL(109,Table2[Aug 2026]) -> 3180.5 | K17: =SUBTOTAL(109,Table2[Sept 2026]) -> 8596.16 | L17: =SUBTOTAL(109,Table2[Oct 2026]) -> 5452.2 | M17: =SUBTOTAL(109,Table2[Nov 2026]) -> 5117 | N17: =SUBTOTAL(109,Table2[Dec 2026]) -> 5117 | O17: =SUBTOTAL(109,Table2[Jan 2027]) -> 5251.1 | P17: =SUBTOTAL(109,Table2[Feb 2027]) -> 0 | Q17: =SUBTOTAL(109,Table2[Mar 2027]) -> 0 | R17: =SUBTOTAL(109,Table2[April 2027]) -> 0 | S17: =SUBTOTAL(109,Table2[May 2027]) -> 0 | T17: =SUBTOTAL(109,Table2[June 2027]) -> 0 | U17: =SUBTOTAL(109,Table2[Total]) -> 36159.16
A18: Prepared by: Taylor Uda
A19: California Department of Education
A20: School Fiscal Services Division
A21: =Summary!A17 -> October 2026

Sheet 2. State Categorical
A1: Estimated Cash Flow, State Categorical Apportionments, Fiscal Year 2026-27
A2: 1) Payment is split over 2 Fiscal years. $9 million will be paid in FY 2025-26 and the remaining $90 million will be paid in FY 2026-27.
A3: Dollar amounts in monthly columns are in millions.
A4: AB: Assembly Bill; Ch: Chapter; EC: Education Code; PCA: Program Cost Account; ROCP: Regional Occupational Center or Program; SACS: Standardized Account Code Structure; SB: Senate Bill; TBD: To be determined.
A5: PCA | B5: Budget Item Number or Authority | C5: State Budget Appropriation | D5: Remaining Balance Available As of July 1, 2026 | E5: Fiscal Year | F5: Apportionment Title | G5: SACS Res. Codes | H5: Fiscal Contact E-mail | I5: Payment Schedule | J5: July 2026 | K5: Aug 2026 | L5: Sept 2026 | M5: Oct 2026 | N5: Nov 2026 | O5: Dec 2026 | P5: Jan 2027 | Q5: Feb 2027 | R5: Mar 2027 | S5: April 2027 | T5: May 2027 | U5: June 2027 | V5: Total
A6: 25392 & 25394 | B6: 6100-106-0001 of Budget Act of 2026, AB 109 (Ch. 19, 2026) | C6: 12470000 | D6: 12470000 | E6: 26-27 | F6: California Collaborative for Educational Excellence (Marin County Office of Education) | G6: 7810 | H6: CAAR@cde.ca.gov | I6: 100 | J6: 0 | K6: 12.5 | L6: 0 | M6: 0 | N6: 0 | O6: 0 | P6: 0 | Q6: 0 | R6: 0 | S6: 0 | T6: 0 | U6: 0 | V6: =SUM(Table1[[#This Row],[July 2026]:[June 2027]]) -> 12.5
A7: 25859 | B7: EC 8903; 6100-115-0001 amended by Sec. 128 of SB 111 (Ch. 21, 2026) | C7: 1000000000 | D7: 1000000000 | E7: 26-27 | F7: California Community Schools Partnership Program | G7: 6335 | H7: CAAR@cde.ca.gov | I7: 100 | J7: 0 | K7: 0 | L7: 0 | M7: 0 | N7: 0 | O7: 0 | P7: 1000 | Q7: 0 | R7: 0 | S7: 0 | T7: 0 | U7: 0 | V7: =SUM(Table1[[#This Row],[July 2026]:[June 2027]]) -> 1000
A8: 25855 | B8: EC 8902(k)(1); 6100-488, Prov. 7 amended by Sec. 137 of SB 111 (Ch. 21, 2026) | C8: 28000000 | D8: 28000000 | E8: 26-27 | F8: California Community Schools Partnership Program - State Transformational Assistance Center (Sacramento County Office of Education) | G8: TBD | H8: CAAR@cde.ca.gov | I8: 100 | J8: 0 | K8: 0 | L8: 0 | M8: 28 | N8: 0 | O8: 0 | P8: 0 | Q8: 0 | R8: 0 | S8: 0 | T8: 0 | U8: 0 | V8: =SUM(Table1[[#This Row],[July 2026]:[June 2027]]) -> 28
A9: 23434 | B9: 6100-156-0001 (2) of Budget Act of 2026, AB 109 (Ch. 19, 2026) | C9: 8739000 | D9: 8739000 | E9: 26-27 | F9: CalWORKs for Adult Education Programs | G9: 6731 | H9: CAAR@cde.ca.gov | I9: 100 | J9: 0 | K9: 0 | L9: 0 | M9: 0 | N9: 0 | O9: 0 | P9: 0 | Q9: 0 | R9: 8.7 | S9: 0 | T9: 0 | U9: 0 | V9: =SUM(Table1[[#This Row],[July 2026]:[June 2027]]) -> 8.7
A10: 23550 | B10: 6100-105-0001 (1), Prov. 2 of Budget Act of 2026, AB 109 (Ch. 19, 2026) | C10: 1161000 | D10: 1161000 | E10: 26-27 | F10: CalWORKs for ROCPs and Adult Education Programs | G10: 6371 | H10: CAAR@cde.ca.gov | I10: 100 | J10: 0 | K10: 0 | L10: 0 | M10: 0 | N10: 0 | O10: 0 | P10: 0 | Q10: 0 | R10: 1.2 | S10: 0 | T10: 0 | U10: 0 | V10: =SUM(Table1[[#This Row],[July 2026]:[June 2027]]) -> 1.2
A11: 25691 | B11: Item 6100-220-0001 of AB 107 (Ch. 22, Statutes of 2024) as amended by Sec. 213 of SB 108 (Ch. 35, 2024) | C11: 99000000 | D11: 90000000 | E11: 24-25 | F11: Classified School Employee Summer Assistance Program | G11: 7415 | H11: CSESAP@cde.ca.gov | I11: 9/901 | J11: 0 | K11: 0 | L11: 90 | M11: 0 | N11: 0 | O11: 0 | P11: 0 | Q11: 0 | R11: 0 | S11: 0 | T11: 0 | U11: 0 | V11: =SUM(Table1[[#This Row],[July 2026]:[June 2027]]) -> 90
A12: 25691 | B12: Item 6100-220-0001 of SB 101 (Ch. 4, 2025) | C12: 90000000 | D12: 90000000 | E12: 25-26 | F12: Classified School Employee Summer Assistance Program | G12: 7415 | H12: CSESAP@cde.ca.gov | I12: August 2027 | J12: 0 | K12: 0 | L12: 0 | M12: 0 | N12: 0 | O12: 0 | P12: 0 | Q12: 0 | R12: 0 | S12: 0 | T12: 0 | U12: 0 | V12: =SUM(Table1[[#This Row],[July 2026]:[June 2027]]) -> 0
A13: 25691 | B13: Item 6100-220-0001 of AB 109 (Ch. 19, Statutes of 2026) | C13: 90000000 | D13: 90000000 | E13: 26-27 | F13: Classified School Employee Summer Assistance Program | G13: 7415 | H13: CSESAP@cde.ca.gov | I13: August 2028 | J13: 0 | K13: 0 | L13: 0 | M13: 0 | N13: 0 | O13: 0 | P13: 0 | Q13: 0 | R13: 0 | S13: 0 | T13: 0 | U13: 0 | V13: =SUM(Table1[[#This Row],[July 2026]:[June 2027]]) -> 0
A14: 25830 | B14: EC 2580 | C14: 890000 | D14: 890000 | E14: 26-27 | F14: Authentic Tasks for Learning and Assessment in Science (Los Angeles County Office of Education) | G14: TBD | H14: CAAR@cde.ca.gov | I14: 100 | J14: 0 | K14: 0 | L14: 0 | M14: 0 | N14: 0.1 | O14: 0 | P14: 0 | Q14: 0 | R14: 0 | S14: 0 | T14: 0 | U14: 0 | V14: =SUM(Table1[[#This Row],[July 2026]:[June 2027]]) -> 0.1
A15: 23634, 25466, 24230, 24003, 24570, 23759, & 23760 | B15: Item 6100-107-0001 of Budget Act of 2026, AB 109 (Ch. 19, 2026) Various Schedules and Provisions | C15: 9224000 | D15: 8724000 | E15: 26-27 | F15: Fiscal Crisis & Management Assistance Team (Kern County Office of Education) | G15: 7810 | H15: CAAR@cde.ca.gov | I15: 100 | J15: 0 | K15: 8.7 | L15: 0 | M15: 0 | N15: 0 | O15: 0 | P15: 0 | Q15: 0 | R15: 0 | S15: 0 | T15: 0 | U15: 0 | V15: =SUM(Table1[[#This Row],[July 2026]:[June 2027]]) -> 8.7
A16: 25849 | B16: Sec. 151 of AB 126 (Ch. 65, 2026) | C16: 400000 | D16: 400000 | E16: 26-27 | F16: Fiscal Crisis & Management Assistance Team Offset (Kern County Office of Education) | G16: TBD | H16: CAAR@cde.ca.gov | I16: 100 | J16: 0 | K16: 0 | L16: 0 | M16: 0 | N16: 0 | O16: 0 | P16: 0.1 | Q16: 0 | R16: 0 | S16: 0 | T16: 0 | U16: 0 | V16: =SUM(Table1[[#This Row],[July 2026]:[June 2027]]) -> 0.1
A17: 25835 | B17: EC 32526 | C17: 757300000 | D17: 757300000 | E17: 26-27 | F17: Learning Recovery Emergency Block Grant | G17: 7435 | H17: CAAR@cde.ca.gov | I17: 100 | J17: 0 | K17: 0 | L17: 0 | M17: 0 | N17: 757.3 | O17: 0 | P17: 0 | Q17: 0 | R17: 0 | S17: 0 | T17: 0 | U17: 0 | V17: =SUM(Table1[[#This Row],[July 2026]:[June 2027]]) -> 757.3
A18: 25840 | B18: EC 53009.1 | C18: 350000000 | D18: 350000000 | E18: 26-27 | F18: Literacy Coaches and Reading Specialists Grant | G18: 6211 | H18: CAAR@cde.ca.gov | I18: 100 | J18: 0 | K18: 0 | L18: 0 | M18: 0 | N18: 0 | O18: 350 | P18: 0 | Q18: 0 | R18: 0 | S18: 0 | T18: 0 | U18: 0 | V18: =SUM(Table1[[#This Row],[July 2026]:[June 2027]]) -> 350
A19: 25793 | B19: Sections 15 and 83 of AB 121 (Ch. 8, 2025) | C19: 200000000 | D19: 200000000 | E19: 25-26 | F19: Literacy Instruction Professional Development | G19: 6212 | H19: CAAR@cde.ca.gov | I19: 100 | J19: 0 | K19: 0 | L19: 200 | M19: 0 | N19: 0 | O19: 0 | P19: 0 | Q19: 0 | R19: 0 | S19: 0 | T19: 0 | U19: 0 | V19: =SUM(Table1[[#This Row],[July 2026]:[June 2027]]) -> 200
A20: 25841 | B20: EC 53009.5 | C20: 40000000 | D20: 40000000 | E20: 26-27 | F20: Literacy Screenings Professional Development | G20: 7810 | H20: CAAR@cde.ca.gov | I20: 100 | J20: 0 | K20: 0 | L20: 0 | M20: 0 | N20: 0 | O20: 0 | P20: 40 | Q20: 0 | R20: 0 | S20: 0 | T20: 0 | U20: 0 | V20: =SUM(Table1[[#This Row],[July 2026]:[June 2027]]) -> 40
A21: 25186 | B21: 6100-296-0001 of Budget Act of 2026, AB 109 (Ch. 19, 2026) | C21: 279069000 | D21: 279069000 | E21: 26-27 | F21: Mandate Block Grant | G21: 0000 | H21: Mandate@cde.ca.gov | I21: 100 | J21: 0 | K21: 0 | L21: 0 | M21: 0 | N21: 279.1 | O21: 0 | P21: 0 | Q21: 0 | R21: 0 | S21: 0 | T21: 0 | U21: 0 | V21: =SUM(Table1[[#This Row],[July 2026]:[June 2027]]) -> 279.1
A22: 25709 | B22: EC 46392(h)(2) | C22: 4000000 | D22: 4000000 | E22: 26-27 | F22: Pasadena Unified Wildfire District Support | G22: TBD | H22: CAAR@cde.ca.gov | I22: 100 | J22: 0 | K22: 0 | L22: 0 | M22: 0 | N22: 4 | O22: 0 | P22: 0 | Q22: 0 | R22: 0 | S22: 0 | T22: 0 | U22: 0 | V22: =SUM(Table1[[#This Row],[July 2026]:[June 2027]]) -> 4
A23: 25718 | B23: EC 49414.8 | C23: 3500000 | D23: 3500000 | E23: 26-27 | F23: Reversing Opioid Overdose | G23: 6620 | H23: CAAR@cde.ca.gov | I23: 100 | J23: 0 | K23: 0 | L23: 0 | M23: 0 | N23: 0 | O23: 0 | P23: 0 | Q23: 0 | R23: 0 | S23: 0 | T23: 3.5 | U23: 0 | V23: =SUM(Table1[[#This Row],[July 2026]:[June 2027]]) -> 3.5
A24: 25592 | B24: EC 2581 | C24: 4140000 | D24: 4140000 | E24: 26-27 | F24: SACS Maintenance & Operations Support (Kern County Office of Education) | G24: 7810 | H24: CAAR@cde.ca.gov | I24: 100 | J24: 0 | K24: 0 | L24: 0 | M24: 4.1 | N24: 0 | O24: 0 | P24: 0 | Q24: 0 | R24: 0 | S24: 0 | T24: 0 | U24: 0 | V24: =SUM(Table1[[#This Row],[July 2026]:[June 2027]]) -> 4.1
A25: 25855 | B25: EC 8902(k)(2); 6100-488, Prov. 7 amended by Sec. 137 of SB 111 (Ch. 21, 2026) | C25: 50000000 | D25: 50000000 | E25: 26-27 | F25: Secondary School Redesign Pilot Program (California Collaborative for Educational Excellence) | G25: TBD | H25: CAAR@cde.ca.gov | I25: 100 | J25: 0 | K25: 0 | L25: 0 | M25: 0 | N25: 0 | O25: 50 | P25: 0 | Q25: 0 | R25: 0 | S25: 0 | T25: 0 | U25: 0 | V25: =SUM(Table1[[#This Row],[July 2026]:[June 2027]]) -> 50
A26: 24171 | B26: 6100-122-0001, Prov. 1 of Budget Act of 2026, AB 109 (Ch. 19, 2026) | C26: 1500000 | D26: 1500000 | E26: 26-27 | F26: Specialized Secondary Programs Operated in Conjunction with the California State University | G26: 7370 | H26: CAAR@cde.ca.gov | I26: 100 | J26: 0 | K26: 0 | L26: 0 | M26: 0 | N26: 0 | O26: 1.5 | P26: 0 | Q26: 0 | R26: 0 | S26: 0 | T26: 0 | U26: 0 | V26: =SUM(Table1[[#This Row],[July 2026]:[June 2027]]) -> 1.5
A27: 25739 | B27: Non-Budget Act Item 6100-628-0001; EC 8820–8822 | C27: TBD | D27: TBD | E27: 26-27 | F27: State Special Schools for Arts and Music in Schools | G27: 6770 | H27: CAAR@cde.ca.gov | I27: 100 | J27: 0 | K27: 0 | L27: 0 | M27: 0 | N27: 0 | O27: 0 | P27: 0 | Q27: 0 | R27: 0 | S27: TBD | T27: 0 | U27: 0 | V27: =SUM(Table1[[#This Row],[July 2026]:[June 2027]]) -> 0
A28: 23751 | B28: EC 42238.03(e)(2)(C) | C28: 121536 | D28: 121536 | E28: 26-27 | F28: State Special Schools for Local Control Funding Formula Entitlements | G28: N/A | H28: CAAR@cde.ca.gov | I28: 100 | J28: 0 | K28: 0 | L28: 0 | M28: 0 | N28: 0.1 | O28: 0 | P28: 0 | Q28: 0 | R28: 0 | S28: 0 | T28: 0 | U28: 0 | V28: =SUM(Table1[[#This Row],[July 2026]:[June 2027]]) -> 0.1
A29: 24220 & 25309 | B29: 6100-172-0001 amended by Sec. 131 of SB 111 (Ch. 21, 2026) | C29: 29184000 | D29: 29184000 | E29: 26-27 | F29: Student Friendly Services & Online Educational Resources (Riverside County Office of Education) | G29: 7410/7411 | H29: CAAR@cde.ca.gov | I29: 100 | J29: 0 | K29: 0 | L29: 0 | M29: 29.2 | N29: 0 | O29: 0 | P29: 0 | Q29: 0 | R29: 0 | S29: 0 | T29: 0 | U29: 0 | V29: =SUM(Table1[[#This Row],[July 2026]:[June 2027]]) -> 29.2
A30: 25836, 25837, 25838, 25845, 25850 | B30: EC 44475; 6100-485(1) and 6100-485, Prov. 2 of Budget Act of 2026, AB 109 (Ch. 19, 2026), amended by Sec. 194 of AB 113 (Ch. 248, 2026) | C30: 5033559000 | D30: 5033559000 | E30: 26-27 | F30: Student Support and Professional Development Discretionary Block Grant | G30: 6021 | H30: CAAR@cde.ca.gov | I30: 75/25 | J30: 0 | K30: 0 | L30: 0 | M30: 0 | N30: 3772 | O30: 0 | P30: 0 | Q30: 1258 | R30: 0 | S30: 0 | T30: 0 | U30: 0 | V30: =SUM(Table1[[#This Row],[July 2026]:[June 2027]]) -> 5030
A31: TBD | B31: EC 52073.6; Sec. 137 of AB 126 (Ch. 65, 2026), as amended by Sec. 36 of SB 133 (Ch. 250, 2026) | C31: 30000000 | D31: 30000000 | E31: 26-27 | F31: Supporting Inclusive Practices (California Collaborative for Educational Excellence) | G31: TBD | H31: CAAR@cde.ca.gov | I31: 100 | J31: 0 | K31: 0 | L31: 0 | M31: 0 | N31: 0 | O31: 30 | P31: 0 | Q31: 0 | R31: 0 | S31: 0 | T31: 0 | U31: 0 | V31: =SUM(Table1[[#This Row],[July 2026]:[June 2027]]) -> 30
A32: 23318 | B32: EC 1330(e) & (f) | C32: TBD | D32: TBD | E32: 26-27 | F32: Unemployment Insurance Management System | G32: 0000 | H32: CAAR@cde.ca.gov | I32: 100 | J32: 0 | K32: 0 | L32: 0 | M32: 0 | N32: 0 | O32: 0 | P32: TBD | Q32: 0 | R32: 0 | S32: 0 | T32: 0 | U32: 0 | V32: =SUM(Table1[[#This Row],[July 2026]:[June 2027]]) -> 0
A33: Total State Apportionments | J33: =SUBTOTAL(109,Table1[July 2026]) -> 0 | K33: =SUBTOTAL(109,Table1[Aug 2026]) -> 21.2 | L33: =SUBTOTAL(109,Table1[Sept 2026]) -> 290 | M33: =SUBTOTAL(109,Table1[Oct 2026]) -> 61.3 | N33: =SUBTOTAL(109,Table1[Nov 2026]) -> 4812.6 | O33: =SUBTOTAL(109,Table1[Dec 2026]) -> 431.5 | P33: =SUBTOTAL(109,Table1[Jan 2027]) -> 1040.1 | Q33: =SUBTOTAL(109,Table1[Feb 2027]) -> 1258 | R33: =SUBTOTAL(109,Table1[Mar 2027]) -> 9.9 | S33: =SUBTOTAL(109,Table1[April 2027]) -> 0 | T33: =SUBTOTAL(109,Table1[May 2027]) -> 3.5 | U33: =SUBTOTAL(109,Table1[June 2027]) -> 0 | V33: =SUBTOTAL(109,Table1[Total]) -> 7928.1
A34: Prepared by: Taylor Uda
A35: California Department of Education
A36: School Fiscal Services Division
A37: =Summary!A17 -> October 2026

Sheet 3. Lottery
A1: Estimated Cash Flow, Lottery Apportionments, Fiscal Year 2026-27
A2: Dollar amounts in monthly columns are in millions.
A3: PCA: Program Cost Account; SACS: Standardized Account Code Structure; TBD: To be determined.
A4: PCA | B4: Budget Item Number or Authority | C4: State Budget Authority | D4: Fiscal Year | E4: Apportionment Title | F4: SACS Res. Codes | G4: Fiscal Contact E-mail | H4: Payment Schedule | I4: July 2026 | J4: Aug 2026 | K4: Sept 2026 | L4: Oct 2026 | M4: Nov 2026 | N4: Dec 2026 | O4: Jan 2027 | P4: Feb 2027 | Q4: Mar 2027 | R4: April 2027 | S4: May 2027 | T4: June 2027 | U4: Total
A5: N/A | B5: Unavailable | C5: Unavailable | D5: 25-26 | E5: Lottery Funds payment schedule | F5: 1100/6300 | G5: CAAR@cde.ca.gov | H5: Quarterly | I5: 0 | J5: 0 | K5: 364.3 | L5: 0 | M5: 0 | N5: 0 | O5: 0 | P5: 0 | Q5: 0 | R5: 0 | S5: 0 | T5: 0 | U5: =SUM(Table4[[#This Row],[July 2026]:[June 2027]]) -> 364.3
A6: N/A | B6: Unavailable | C6: Unavailable | D6: 26-27 | E6: Lottery Funds payment schedule | F6: 1100/6300 | G6: CAAR@cde.ca.gov | H6: Quarterly | I6: 0 | J6: 0 | K6: 0 | L6: 0 | M6: 0 | N6: TBD | O6: 0 | P6: 0 | Q6: TBD | R6: 0 | S6: 0 | T6: TBD | U6: =SUM(Table4[[#This Row],[July 2026]:[June 2027]]) -> 0
A7: Total Lottery Payments | I7: =SUBTOTAL(109,Table4[July 2026]) -> 0 | J7: =SUBTOTAL(109,Table4[Aug 2026]) -> 0 | K7: =SUBTOTAL(109,Table4[Sept 2026]) -> 364.3 | L7: =SUBTOTAL(109,Table4[Oct 2026]) -> 0 | M7: =SUBTOTAL(109,Table4[Nov 2026]) -> 0 | N7: =SUBTOTAL(109,Table4[Dec 2026]) -> 0 | O7: =SUBTOTAL(109,Table4[Jan 2027]) -> 0 | P7: =SUBTOTAL(109,Table4[Feb 2027]) -> 0 | Q7: =SUBTOTAL(109,Table4[Mar 2027]) -> 0 | R7: =SUBTOTAL(109,Table4[April 2027]) -> 0 | S7: =SUBTOTAL(109,Table4[May 2027]) -> 0 | T7: =SUBTOTAL(109,Table4[June 2027]) -> 0 | U7: =SUBTOTAL(109,Table4[Total]) -> 364.3
A8: Prepared by: Taylor Uda
A9: California Department of Education
A10: School Fiscal Services Division
A11: =Summary!A17 -> October 2026

Sheet 4. Federal Programs
A1: Estimated Cash Flow, Federal Categorical Apportionments, Fiscal Year 2026-27
A2: Dollar amounts in monthly columns are in millions.
A3: 1 Federal apportionments for Title I, Part A; Title I, Part D; Title II, Part A, Title III EL, Title III Immigrant, and Title IV are based on timely reporting of cash balances via the Federal Cash Management Data Collection System.
A4: 2 Federal apportionments for Comprehensive Support and Improvement (CSI) to local educational agencies (LEAs) are based on timely reporting of expenditures via the Grant Management and Reporting Tool.
A5: AB: Assembly Bill; SB: Senate Bill; Ch: Chapter; PCA: Program Cost Account; SACS: Standardized Account Code Structure; TBD: To be determined.
A6: PCA | B6: Budget Item Number or Authority | C6: State Budget Appropriation | D6: Remaining Balance Available As of July 1, 2026 | E6: Fiscal Year | F6: Apportionment Title | G6: SACS Res. Codes | H6: Fiscal Contact E-mail | I6: Payment Schedule | J6: July 2026 | K6: Aug 2026 | L6: Sept 2026 | M6: Oct 2026 | N6: Nov 2026 | O6: Dec 2026 | P6: Jan 2027 | Q6: Feb 2027 | R6: Mar 2027 | S6: April 2027 | T6: May 2027 | U6: June 2027 | V6: Total
A7: 15438 | B7: 6100-134-0890 Sch(2) Prov. 6; AB 107 (Ch 22, 2024) as amended by AB 157 (Ch 994, 2024) | C7: 144468349 | D7: 92864366 | E7: 24-25 | F7: Title I Comprehensive Support and Improvement (CSI), Local Educational Agency (LEA)2 | G7: 3182 | H7: CAAR@cde.ca.gov | I7: Quarterly | J7: 0 | K7: 0 | L7: 46.2 | M7: 0 | N7: 0 | O7: TBD | P7: 0 | Q7: 0 | R7: 0 | S7: 0 | T7: 0 | U7: 0 | V7: =SUM(Table5[[#This Row],[July 2026]:[June 2027]]) -> 46.2
A8: 15438 | B8: 6100-134-0890 Sch(2) Prov. 6; SB 101 (Ch 4, 2025) as amended by AB 107 (Ch 5, 2026) | C8: 146281376 | D8: 109711027 | E8: 25-26 | F8: Title I Comprehensive Support and Improvement (CSI), Local Educational Agency (LEA)2 | G8: 3182 | H8: CAAR@cde.ca.gov | I8: Quarterly | J8: 0 | K8: 0 | L8: 0.7 | M8: 0 | N8: 0 | O8: TBD | P8: 0 | Q8: 0 | R8: TBD | S8: 0 | T8: 0 | U8: TBD | V8: =SUM(Table5[[#This Row],[July 2026]:[June 2027]]) -> 0.7
A9: 15438 | B9: 6100-134-0890 Sch(2) Prov. 6; AB 109 (Ch 19, 2026) | C9: 150123355 | D9: 149255355 | E9: 26-27 | F9: Title I Comprehensive Support and Improvement (CSI), Local Educational Agency (LEA)2 | G9: 3182 | H9: CAAR@cde.ca.gov | I9: Quarterly | J9: 0 | K9: 0 | L9: 0 | M9: 0 | N9: 0 | O9: 0 | P9: 0 | Q9: 0 | R9: 0 | S9: 0 | T9: TBD | U9: 0 | V9: =SUM(Table5[[#This Row],[July 2026]:[June 2027]]) -> 0
A10: 14329 | B10: 6100-134-0890 (2); AB 107 (Ch 22, 2024) as amended by AB 157 (Ch 994, 2024) | C10: 2114685484 | D10: 8995860 | E10: 24-25 | F10: Title I, Part A, Basic, Concentration, and Neglected1 | G10: 3010 | H10: CAAR@cde.ca.gov | I10: Quarterly | J10: 0 | K10: 0 | L10: 3.9 | M10: 0 | N10: 0 | O10: TBD | P10: 0 | Q10: 0 | R10: 0 | S10: 0 | T10: 0 | U10: 0 | V10: =SUM(Table5[[#This Row],[July 2026]:[June 2027]]) -> 3.9
A11: 14329 | B11: 6100-134-0890 (2); SB 101 (Ch 4, 2025) as amended by AB 107 (Ch 5, 2026) | C11: 2078581949 | D11: 606527204 | E11: 25-26 | F11: Title I, Part A, Basic, Concentration, and Neglected1 | G11: 3010 | H11: CAAR@cde.ca.gov | I11: Quarterly | J11: 0 | K11: 0 | L11: 420.3 | M11: 0 | N11: 0 | O11: TBD | P11: 0 | Q11: 0 | R11: TBD | S11: 0 | T11: 0 | U11: TBD | V11: =SUM(Table5[[#This Row],[July 2026]:[June 2027]]) -> 420.3
A12: 14329 | B12: 6100-134-0890 (2); AB 109 (Ch 19, 2026) | C12: 2076137515 | D12: 2125796940 | E12: 26-27 | F12: Title I, Part A, Basic, Concentration, and Neglected1 | G12: 3010 | H12: CAAR@cde.ca.gov | I12: Quarterly | J12: 0 | K12: 0 | L12: 99.8 | M12: 0 | N12: 0 | O12: TBD | P12: 0 | Q12: 0 | R12: TBD | S12: 0 | T12: 0 | U12: TBD | V12: =SUM(Table5[[#This Row],[July 2026]:[June 2027]]) -> 99.8
A13: 14357 | B13: 6100-134-0890 (2); AB 107 (Ch 22, 2024) as amended by AB 157 (Ch 994, 2024) | C13: 16753449 | D13: 516365 | E13: 24-25 | F13: Title I, Part D, Subpart 2, Delinquent1 | G13: 3025 | H13: CAAR@cde.ca.gov | I13: Quarterly | J13: 0 | K13: 0 | L13: 0.2 | M13: 0 | N13: 0 | O13: TBD | P13: 0 | Q13: 0 | R13: 0 | S13: 0 | T13: 0 | U13: 0 | V13: =SUM(Table5[[#This Row],[July 2026]:[June 2027]]) -> 0.2
A14: 14357 | B14: 6100-134-0890 (2); SB 101 (Ch 4, 2025) as amended by AB 107 (Ch 5, 2026) | C14: 15345901 | D14: 8669007 | E14: 25-26 | F14: Title I, Part D, Subpart 2, Delinquent1 | G14: 3025 | H14: CAAR@cde.ca.gov | I14: Quarterly | J14: 0 | K14: 0 | L14: 3.2 | M14: 0 | N14: 0 | O14: TBD | P14: 0 | Q14: 0 | R14: TBD | S14: 0 | T14: 0 | U14: TBD | V14: =SUM(Table5[[#This Row],[July 2026]:[June 2027]]) -> 3.2
A15: 14357 | B15: 6100-134-0890 (2); AB 109 (Ch 19, 2026) | C15: 14238581 | D15: 14579156 | E15: 26-27 | F15: Title I, Part D, Subpart 2, Delinquent1 | G15: 3025 | H15: CAAR@cde.ca.gov | I15: Quarterly | J15: 0 | K15: 0 | L15: 0.7 | M15: 0 | N15: 0 | O15: TBD | P15: 0 | Q15: 0 | R15: TBD | S15: 0 | T15: 0 | U15: TBD | V15: =SUM(Table5[[#This Row],[July 2026]:[June 2027]]) -> 0.7
A16: 14341 | B16: 6100-195-0890 (1); AB 107 (Ch 22, 2024) | C16: 219904790 | D16: 9950751 | E16: 24-25 | F16: Title II, Part A - Teacher Quality1 | G16: 4035 | H16: CAAR@cde.ca.gov | I16: Quarterly | J16: 0 | K16: 0 | L16: 5 | M16: 0 | N16: 0 | O16: TBD | P16: 0 | Q16: 0 | R16: 0 | S16: 0 | T16: 0 | U16: 0 | V16: =SUM(Table5[[#This Row],[July 2026]:[June 2027]]) -> 5
A17: 14341 | B17: 6100-195-0890 (1); SB 101 (Ch 4, 2025) as amended by SB 105 (Ch 104, 2025) | C17: 212589723 | D17: 84260782 | E17: 25-26 | F17: Title II, Part A - Teacher Quality1 | G17: 4035 | H17: CAAR@cde.ca.gov | I17: Quarterly | J17: 0 | K17: 0 | L17: 28.8 | M17: 0 | N17: 0 | O17: TBD | P17: 0 | Q17: 0 | R17: TBD | S17: 0 | T17: 0 | U17: TBD | V17: =SUM(Table5[[#This Row],[July 2026]:[June 2027]]) -> 28.8
A18: 14341 | B18: 6100-195-0890 (1); AB 109 (Ch 19, 2026) | C18: 207559800 | D18: 212559800 | E18: 26-27 | F18: Title II, Part A - Teacher Quality1 | G18: 4035 | H18: CAAR@cde.ca.gov | I18: Quarterly | J18: 0 | K18: 0 | L18: 12.6 | M18: 0 | N18: 0 | O18: TBD | P18: 0 | Q18: 0 | R18: TBD | S18: 0 | T18: 0 | U18: TBD | V18: =SUM(Table5[[#This Row],[July 2026]:[June 2027]]) -> 12.6
A19: 15146 | B19: 6100-125-0890 (3); AB 107 (Ch 22, 2024) | C19: 17565157 | D19: 2486807 | E19: 24-25 | F19: Title III, Part A - Immigrant1 | G19: 4201 | H19: CAAR@cde.ca.gov | I19: Quarterly | J19: 0 | K19: 0 | L19: 1.3 | M19: 0 | N19: 0 | O19: TBD | P19: 0 | Q19: 0 | R19: 0 | S19: 0 | T19: 0 | U19: 0 | V19: =SUM(Table5[[#This Row],[July 2026]:[June 2027]]) -> 1.3
A20: 15146 | B20: 6100-125-0890 (3); SB 101 (Ch 4, 2025) as amended by SB 105 (Ch 104, 2025) | C20: 17417718 | D20: 11854041 | E20: 25-26 | F20: Title III, Part A - Immigrant1 | G20: 4201 | H20: CAAR@cde.ca.gov | I20: Quarterly | J20: 0 | K20: 0 | L20: 2.1 | M20: 0 | N20: 0 | O20: TBD | P20: 0 | Q20: 0 | R20: TBD | S20: 0 | T20: 0 | U20: TBD | V20: =SUM(Table5[[#This Row],[July 2026]:[June 2027]]) -> 2.1
A21: 15146 | B21: 6100-125-0890 (3); AB 109 (Ch 19, 2026) | C21: 18503793 | D21: 18503793 | E21: 26-27 | F21: Title III, Part A - Immigrant1 | G21: 4201 | H21: CAAR@cde.ca.gov | I21: Quarterly | J21: 0 | K21: 0 | L21: 0.8 | M21: 0 | N21: 0 | O21: TBD | P21: 0 | Q21: 0 | R21: TBD | S21: 0 | T21: 0 | U21: TBD | V21: =SUM(Table5[[#This Row],[July 2026]:[June 2027]]) -> 0.8
A22: 14346 | B22: 6100-125-0890 (3); AB 107 (Ch 22, 2024) | C22: 128322459 | D22: 7097625 | E22: 24-25 | F22: Title III, Part A - English Learner1 | G22: 4203 | H22: CAAR@cde.ca.gov | I22: Quarterly | J22: 0 | K22: 0 | L22: 3.5 | M22: 0 | N22: 0 | O22: TBD | P22: 0 | Q22: 0 | R22: 0 | S22: 0 | T22: 0 | U22: 0 | V22: =SUM(Table5[[#This Row],[July 2026]:[June 2027]]) -> 3.5
A23: 14346 | B23: 6100-125-0890 (3); SB 101 (Ch 4, 2025) as amended by SB 105 (Ch 104, 2025) | C23: 132243214 | D23: 57777760 | E23: 25-26 | F23: Title III, Part A - English Learner1 | G23: 4203 | H23: CAAR@cde.ca.gov | I23: Quarterly | J23: 0 | K23: 0 | L23: 18 | M23: 0 | N23: 0 | O23: TBD | P23: 0 | Q23: 0 | R23: TBD | S23: 0 | T23: 0 | U23: TBD | V23: =SUM(Table5[[#This Row],[July 2026]:[June 2027]]) -> 18
A24: 14346 | B24: 6100-125-0890 (3); AB 109 (Ch 19, 2026) | C24: 126065799 | D24: 126065799 | E24: 26-27 | F24: Title III, Part A - English Learner1 | G24: 4203 | H24: CAAR@cde.ca.gov | I24: Quarterly | J24: 0 | K24: 0 | L24: 5.7 | M24: 0 | N24: 0 | O24: TBD | P24: 0 | Q24: 0 | R24: TBD | S24: 0 | T24: 0 | U24: TBD | V24: =SUM(Table5[[#This Row],[July 2026]:[June 2027]]) -> 5.7
A25: 15396 | B25: 6100-134-0890 (3); AB 107 (Ch 22, 2024) as amended by AB 157 (Ch 994, 2024) | C25: 145227534 | D25: 13639466 | E25: 24-25 | F25: Title IV, Student Support and Academic Achievement1 | G25: 4127 | H25: CAAR@cde.ca.gov | I25: Quarterly | J25: 0 | K25: 0 | L25: 8.2 | M25: 0 | N25: 0 | O25: TBD | P25: 0 | Q25: 0 | R25: 0 | S25: 0 | T25: 0 | U25: 0 | V25: =SUM(Table5[[#This Row],[July 2026]:[June 2027]]) -> 8.2
A26: 15396 | B26: 6100-134-0890 (3); SB 101 (Ch 4, 2025) as amended by AB 107 (Ch 5, 2026) | C26: 156348120 | D26: 92424651 | E26: 25-26 | F26: Title IV, Student Support and Academic Achievement1 | G26: 4127 | H26: CAAR@cde.ca.gov | I26: Quarterly | J26: 0 | K26: 0 | L26: 23.6 | M26: 0 | N26: 0 | O26: TBD | P26: 0 | Q26: 0 | R26: TBD | S26: 0 | T26: 0 | U26: TBD | V26: =SUM(Table5[[#This Row],[July 2026]:[June 2027]]) -> 23.6
A27: 15396 | B27: 6100-134-0890 (3); AB 109 (Ch 19, 2026) | C27: 158614575 | D27: 158614575 | E27: 26-27 | F27: Title IV, Student Support and Academic Achievement1 | G27: 4127 | H27: CAAR@cde.ca.gov | I27: Quarterly | J27: 0 | K27: 0 | L27: 5.5 | M27: 0 | N27: 0 | O27: TBD | P27: 0 | Q27: 0 | R27: TBD | S27: 0 | T27: 0 | U27: TBD | V27: =SUM(Table5[[#This Row],[July 2026]:[June 2027]]) -> 5.5
A28: 14356 | B28: 6100-137-0890; AB 109 (Ch 19, 2026) | C28: 5507000 | D28: 5507000 | E28: 26-27 | F28: Title V, Part B, Subpart 2, Rural and Low-Income School | G28: 4126 | H28: CAAR@cde.ca.gov | I28: Bi-Annual | J28: 0 | K28: 0 | L28: 0 | M28: 1.9 | N28: 0 | O28: TBD | P28: 0 | Q28: 0 | R28: 0 | S28: 0 | T28: 0 | U28: TBD | V28: =SUM(Table5[[#This Row],[July 2026]:[June 2027]]) -> 1.9
A29: Total Federal Payments | J29: =SUBTOTAL(109,Table5[July 2026]) -> 0 | K29: =SUBTOTAL(109,Table5[Aug 2026]) -> 0 | L29: =SUBTOTAL(109,Table5[Sept 2026]) -> 690.1 | M29: =SUBTOTAL(109,Table5[Oct 2026]) -> 1.9 | N29: =SUBTOTAL(109,Table5[Nov 2026]) -> 0 | O29: =SUBTOTAL(109,Table5[Dec 2026]) -> 0 | P29: =SUBTOTAL(109,Table5[Jan 2027]) -> 0 | Q29: =SUBTOTAL(109,Table5[Feb 2027]) -> 0 | R29: =SUBTOTAL(109,Table5[Mar 2027]) -> 0 | S29: =SUBTOTAL(109,Table5[April 2027]) -> 0 | T29: =SUBTOTAL(109,Table5[May 2027]) -> 0 | U29: =SUBTOTAL(109,Table5[June 2027]) -> 0 | V29: =SUBTOTAL(109,Table5[Total]) -> 692
A30: Prepared by: Taylor Uda
A31: California Department of Education
A32: School Fiscal Services Division
A33: =Summary!A17 -> October 2026
